 Dungeon Crawl Stone Soup version 0.26.0-10-g1f06aea511 (webtiles) character file.

Game seed: 13794136654139313834

17440 night the Severer (level 12, -10/116 HPs)
             Began as a Minotaur Monk on Jan 23, 2021.
             Was a Priest of Ru.
             Mangled by a minotaur
             ... wielding a +2 glaive of flaming
              (24 damage)
             ... in a Gauntlet.
             The game lasted 00:26:51 (14858 turns).

night the Severer (Minotaur Monk)                  Turns: 14858, Time: 00:26:52

Health: -10/116    AC: 10    Str: 21    XL:     12   Next: 18%
Magic:  11/11      EV:  7    Int:  7    God:    Ru [***...]
Gold:   557        SH:  0    Dex: 13    Spells: 11/11 levels left

rFire    . . .     SeeInvis .   u - +3 broad axe
rCold    . . .     Faith    .   (no shield)
rNeg     . . .     Spirit   .   z - +0 plate armour
rPois    .         Reflect  .   (helmet restricted)
rElec    .         Harm     .   (no cloak)
rCorr    .         Rampage  .   (no gloves)
Will     +....     NoTele   +   (no boots)
Stlth    ..........             v - amulet of the acrobat
HPRegen  0.29/turn              m - ring of stealth
MPRegen  0.12/turn              y - ring of willpower

@: mighty
A: retaliatory headbutt, horns 2, screaming 1, inability to use devices
a: Renounce Religion, Draw Out Power


You were in a Gauntlet.
You worshipped Ru.
Ru was most pleased with you.
You visited 2 branches of the dungeon, and saw 12 of its levels.
You also visited: Gauntlet.

You collected 681 gold pieces.
You spent 124 gold pieces at shops.

Inventory:

Hand Weapons
 a - a +0 hand axe
 u - a +3 broad axe (weapon)
Missiles
 b - 10 boomerangs
 g - 27 poisoned darts
 h - 263 stones
 i - 7 datura-tipped darts (quivered)
Armour
 o - the +0 scale mail of Kumn {rN+}
   (You found it on level 8 of the Dungeon)

   It protects you from negative energy.
 t - a +2 pair of gloves of strength
 z - a +0 plate armour (worn)
Jewellery
 f - an uncursed amulet of guardian spirit
 m - a ring of stealth (left hand)
 r - an uncursed ring of ice
 v - an amulet of the acrobat (around neck)
 y - a ring of willpower (right hand)
Scrolls
 c - 9 scrolls of teleportation
 d - a scroll of enchant weapon
 e - 8 scrolls of remove curse
 j - 2 scrolls of blinking
 k - 4 scrolls of amnesia
 p - 4 scrolls of identify
Potions
 n - 2 potions of curing
 q - a potion of flight
 s - a potion of magic


   Skills:
 + Level 13.8 Fighting
 * Level 18.3 Axes
 - Level 3.2 Dodging
 - Level 1.5 Stealth


You had 11 spell levels left.
You didn't know any spells.
Your spell library contained the following spells:

 Spells                   Type           Power        Failure   Level
 Animate Skeleton         Necr           0%           100%        1
 Apportation              Tloc           0%           100%        1
 Corona                   Hex            0%           100%        1
 Pain                     Necr           0%           100%        1
 Summon Small Mammal      Summ           0%           100%        1
 Vampiric Draining        Necr           0%           100%        3
 Animate Dead             Necr           0%           100%        4
 Agony                    Necr           0%           100%        5


Dungeon Overview and Level Annotations

Branches:
Dungeon (10/15)            Temple (1/1) D:6             Orc (0/2) D:10
Gauntlet (1/1)
   Lair: D:8-11

Altars:
Ashenzari
Cheibriados
Dithmenos
Elyvilon
Fedhas
Gozag
Hepliaklqana
Kikubaaqudgha
Makhleb
Nemelex Xobeh
Okawaru
Qazlal
Ru
Sif Muna
Trog
Uskayaw
Vehumet
Wu Jian
Xom
Yredelemnul
Zin
The Shining One

Shops:
D:5 ?:   D:8 (   D:10 }

Annotations:
D:4 2 runed translucent doors, kthxbai's ghost, amateur DgAE
D:8 2 transporters, funkygono's ghost, novice DrAE
D:9 2 transporters, Jaiteiro's ghost, novice MiFi Gauntlet 8 transporters, 1 runed translucent door, exclusions: 2 lightning spires, obsidian statue and orange crystal statue


Innate Abilities, Weirdness & Mutations

You reflexively headbutt those who attack you in melee.
You have a pair of horns on your head.
You occasionally shout uncontrollably at your foes.
You cannot study or use magical devices.


Message History

You hit the minotaur.
You headbutt the minotaur, but do no damage.
The minotaur is lightly wounded.
You slash the minotaur!
The minotaur is moderately wounded.
The minotaur hits you with a +2 glaive of flaming!
The minotaur burns you. The minotaur completely misses you.
You slice the minotaur!! You headbutt the minotaur.
The minotaur is heavily wounded.
You barely miss the minotaur.
The minotaur is heavily wounded.
The minotaur hits you with a +2 glaive of flaming!
* * * LOW HITPOINT WARNING * * *
The minotaur burns you!
* * * LOW HITPOINT WARNING * * *
The minotaur closely misses you.
You slash the minotaur! You headbutt the minotaur.
The minotaur is severely wounded.
The minotaur hits you with a +2 glaive of flaming!!
You die...

##### #8∩8#
#=.[# #8.8#
####H.?#
###8.#8@8#
#....#...#
#.#..#8(8# #
#.#..##'##..#.#
#.............#
#.#.##.#.##.#.#
#.#....#(...# #
#.#.#######.#.#
#.............#


You could see a minotaur.

Vanquished Creatures
  A death ooze (Gauntlet)
  A centaur warrior (D:8)
  4 two-headed ogres
  2 sixfirhies (Gauntlet)
  An unseen horror (D:9)
  A cyclops (D:7)
  An ugly thing (D:7)
  2 centaur zombies (D:10)
  Maggie (D:10)
  3 kobold demonologists (D:12)
  3 trolls
  2 slime creatures (Gauntlet)
  10 yaks
  Grum (D:10)
  2 wyverns
  A human (D:10)
  A human (shapeshifter) (D:7)
  A soldier ant (D:7)
  A warg (D:10)
  3 water moccasins
  3 orc warriors
  3 sky beasts
  5 ice beasts
  An ogre (D:5)
  A black bear (D:10)
  3 phantoms
  A necrophage (D:8)
  4 wolves (D:10)
  4 centaurs
  2 big kobolds
  14 bullfrogs
  6 scorpions
  10 killer bees
  2 electric eels
  2 howler monkeys
  3 wights
  4 jellies
  9 orc priests
  2 bullfrog skeletons (D:7)
  5 hounds
  2 centaur skeletons
  A gnoll shaman (D:8)
  9 orc wizards
  3 iguanas
  Natasha (D:1)
  7 worker ants
  A killer bee zombie (D:8)
  A hound zombie (D:6)
  3 hound skeletons
  6 gnolls
  9 adders
  5 white imps
  5 ufetubi
  2 adder zombies
  An adder skeleton (D:9)
  5 worms
  4 dart slugs
  A leopard gecko (D:3)
  39 orcs
  12 bats
  4 giant cockroaches
  5 goblins
  9 hobgoblins
  14 jackals
  5 quokkas
  2 ball pythons
  3 frilled lizards
  5 kobolds
  A quokka zombie (D:5)
  4 rats
295 creatures vanquished.

Vanquished Creatures (others)
  4 demonic plants (Gauntlet)
  A plant (D:8)
5 creatures vanquished.

Grand Total: 300 creatures vanquished

Notes
Turn   | Place    | Note
-------+----------+-------------------------------------------
     0 | D:1      | night the Minotaur Monk began the quest for the Orb.
     0 | D:1      | Reached XP level 1. HP: 19/19 MP: 0/0
   161 | D:1      | Reached skill level 4 in Axes
   177 | D:1      | Reached XP level 2. HP: 19/27 MP: 1/1
   702 | D:2      | Noticed Natasha
   709 | D:1      | Killed Natasha
   710 | D:1      | Reached skill level 5 in Axes
   710 | D:1      | Reached XP level 3. HP: 33/33 MP: 2/2
   943 | D:2      | Found a shimmering blue altar of Sif Muna.
  1089 | D:2      | Reached XP level 4. HP: 38/41 MP: 3/3
  1520 | D:3      | Reached skill level 5 in Fighting
  1520 | D:3      | Reached skill level 6 in Axes
  1520 | D:3      | Reached XP level 5. HP: 17/48 MP: 4/4
  1795 | D:3      | Found a snail-covered altar of Cheibriados.
  1806 | D:3      | Found a sacrificial altar of Ru.
  1811 | D:3      | Became a worshipper of Ru the Awakened
  1813 | D:3      | Gained mutation: You cannot study or use magical devices.
                  | [Ru sacrifice]
  1813 | D:3      | Reached * piety under Ru
  1813 | D:3      | Reached ** piety under Ru
  2742 | D:4      | Found a large runed translucent door.
  2742 | D:4      | Found a large runed translucent door.
  2745 | D:4      | Noticed kthxbai's ghost (amateur DgAE)
  2874 | D:4      | Reached skill level 7 in Axes
  2874 | D:4      | Reached XP level 6. HP: 47/56 MP: 5/5
  3459 | D:5      | Entered Level 5 of the Dungeon
  3470 | D:5      | Found Kuliamuwk's Magic Scroll Shop.
  3817 | D:5      | Reached skill level 8 in Axes
  3884 | D:5      | Reached XP level 7. HP: 22/64 MP: 6/6
  4119 | D:5      | Found Lieplybo's Book Shop.
  4324 | D:5      | Bought a scroll of enchant weapon for 82 gold pieces
  4382 | D:5      | Gained mutation: You occasionally shout uncontrollably at
                  | your foes. [Ru sacrifice]
  4382 | D:5      | Reached *** piety under Ru
  4733 | D:6      | Reached skill level 9 in Axes
  4785 | D:6      | Noticed a troll
  4897 | D:6      | Killed a troll
  4898 | D:6      | Reached XP level 8. HP: 40/73 MP: 7/7
  5211 | D:6      | Reached skill level 10 in Axes
  5603 | D:6      | Found a staircase to the Ecumenical Temple.
  5620 | Temple   | Entered the Ecumenical Temple
  6277 | D:7      | Reached skill level 11 in Axes
  6549 | D:7      | Reached XP level 9. HP: 60/80 MP: 8/8
  6661 | D:7      | Identified the +2 mace "Giantbane" {venom, *Noise rC+ rN+
                  | Str+3}
  6672 | D:7      | Reached skill level 12 in Axes
  7016 | D:7      | Found a shimmering altar of Xom.
  7218 | D:7      | Noticed a cyclops
  7220 | D:7      | Noticed a troll
  7227 | D:7      | Killed a cyclops
  7228 | D:7      | Reached skill level 10 in Fighting
  7228 | D:7      | Reached skill level 13 in Axes
  7230 | D:7      | Killed a troll
  7496 | D:7      | Noticed a purple ugly thing
  7515 | D:7      | Killed a purple ugly thing
  7516 | D:7      | Reached XP level 10. HP: 62/94 MP: 9/9
  7757 | D:7      | Reached skill level 14 in Axes
  8198 | D:8      | Found a transporter.
  8198 | D:8      | Noticed funkygono's ghost (novice DrAE)
  8202 | D:8      | Found a transporter.
  8267 | D:8      | Found Waozor's Weapon Emporium.
  8273 | D:8      | Bought 7 datura-tipped darts for 42 gold pieces
  8359 | D:8      | Found a hazy altar of Hepliaklqana.
  8690 | D:8      | Noticed a two-headed ogre
  8694 | D:8      | Killed a two-headed ogre
  8837 | D:8      | Noticed a centaur warrior
  8850 | D:8      | Killed a centaur warrior
  8851 | D:8      | Reached skill level 15 in Axes
  9205 | D:8      | Noticed a two-headed ogre
  9210 | D:8      | Noticed a two-headed ogre
  9215 | D:8      | Killed a two-headed ogre
  9416 | D:8      | Killed a two-headed ogre
  9417 | D:8      | Reached XP level 11. HP: 61/104 MP: 10/10
 10313 | D:8      | Got a twisted scale mail
 10323 | D:8      | Identified the +0 scale mail of Kumn {rN+} (You found it on
                  | level 8 of the Dungeon)
 10492 | D:9      | Reached skill level 16 in Axes
 10899 | D:9      | Found a radiant altar of Vehumet.
 11068 | D:9      | Noticed Jaiteiro's ghost (novice MiFi)
 11077 | D:9      | Found a transporter.
 11091 | D:9      | Found a transporter.
 11421 | D:9      | Found a shadowy altar of Dithmenos.
 11645 | D:10     | Entered Level 10 of the Dungeon
 11650 | D:10     | Found Luokakuafeo's Gadget Boutique.
 12173 | D:9      | Noticed an unseen horror
 12179 | D:9      | Killed an unseen horror
 12345 | D:9      | Reached skill level 17 in Axes
 12718 | D:10     | Noticed Maggie
 12853 | D:10     | Killed Maggie
 13078 | D:10     | Identified the cursed +1 short sword of Bodily Humours
                  | {freeze, Dex+2}
 13091 | D:10     | Found a staircase to the Orcish Mines.
 13267 | D:10     | Noticed Grum
 13282 | D:10     | Killed Grum
 13582 | D:10     | Noticed a two-headed ogre
 13589 | D:10     | Killed a two-headed ogre
 13792 | D:10     | You fall into a shaft and drop 2 floors!
 13798 | D:12     | Found a gate leading to a gauntlet.
 14001 | Gauntlet | Entered a Gauntlet
 14001 | Gauntlet | Found a transporter.
 14007 | Gauntlet | Noticed a death ooze
 14009 | Gauntlet | Found a runed translucent door.
 14010 | Gauntlet | Found a transporter.
 14011 | Gauntlet | Found a transporter.
 14012 | Gauntlet | Found a transporter.
 14015 | Gauntlet | Found a transporter.
 14016 | Gauntlet | Found a transporter.
 14025 | Gauntlet | Found a transporter.
 14025 | Gauntlet | Noticed a sixfirhy
 14026 | Gauntlet | Noticed a sixfirhy
 14029 | Gauntlet | Noticed a sixfirhy
 14032 | Gauntlet | Found a transporter.
 14045 | Gauntlet | Found a transporter.
 14045 | Gauntlet | Noticed an obsidian statue
 14062 | Gauntlet | Found a transporter.
 14066 | Gauntlet | Found a transporter.
 14075 | Gauntlet | Found a transporter.
 14097 | Gauntlet | Noticed an orange crystal statue
 14101 | Gauntlet | Noticed a wretched star
 14120 | Gauntlet | Found a runed translucent door.
 14152 | Gauntlet | Noticed a sixfirhy
 14268 | Gauntlet | Reached XP level 12. HP: 89/115 MP: 11/11
 14270 | Gauntlet | Killed a death ooze
 14271 | Gauntlet | Reached skill level 18 in Axes
 14457 | Gauntlet | HP: 3/116 [sixfirhy (11)]
 14848 | Gauntlet | Noticed a minotaur
 14858 | Gauntlet | Mangled by a minotaur

Illustrated notes

Levels and vault maps discovered:
D:1:      ebering_trefoil_twist, layout_rooms, minmay_misc_feat_rugged
D:2:      layout_basic, lemuel_doored_altar, chequers_serial_rivers_marsh,
          hex_intersection, uniq_natasha
D:3:      layout_basic, amethyst_overflow_temple_binary,
          minmay_misc_feat_ornament, minmay_box_of_dots
D:4:      layout_basic, ebering_ghost_disaster_area
D:5:      layout_basic, serial_shops, shop_statue, nicolae_shop_stone,
          nicolae_ossuary_entry_plus, chequers_garden
D:6:      layout_basic, minmay_temple_entry_grid
D:7:      minmay_the_grid_octo_tiled_octocenter [minmay_the_grid_octo_horde,
          minmay_the_grid_octo_thin_diamonds, minmay_the_grid_octo_checkered,
          minmay_the_grid_octo_chip, minmay_the_grid_octo_prize_single_spiral,
          minmay_the_grid_square_5x5_inner_z,
          minmay_the_grid_square_5x5_sharp_hourglass,
          minmay_the_grid_square_5x5_longway, minmay_the_grid_square_5x5_plus],
          layout_basic, lemuel_crystal_altar, supply_closet_lemuel, minivault_4
D:8:      nzn_winding_woodlands_stair_cross [nzn_winding_woodlands_5x15_pockets,
          nzn_winding_woodlands_center_triple_pond,
          nzn_winding_woodlands_5x15_default,
          nzn_winding_woodlands_5x5_closed_star,
          nzn_winding_woodlands_5x5_three,
          nzn_winding_woodlands_5x15_lazy_stream,
          nzn_winding_woodlands_center_diamonds,
          nzn_winding_woodlands_5x15_eye], layout_loops_cross,
          nzn_hepliaklqana_mist_gate, gammafunk_ghost_hive, serial_shops,
          nicolae_shop_trees, minmay_checkerbox
D:9:      layout_roguey, marbit_many_paths, gammafunk_ghost_berserking_beasts,
          basic_altar, grunt_ministairs_1, hex_large
D:10:     layout_loops_cross, lair_entry_dummy, erik_orc_4, serial_shops, shop,
          uniq_maggie, uniq_grum
D:12:     layout_layer_cave, gauntlet_entry_generic
Temple:   eino_temple_rhombus
Gauntlet: minmay_gauntlet_mixed_oops_all_seconds
          [minmay_gauntlet_arena_77_squiggly, nicolae_gauntlet_arena_x,
          minmay_gauntlet_arena_77_cramped,
          gammafunk_gauntlet_arena_arrow_garden,
          minmay_gauntlet_arena_77_two_lines, gammafunk_gauntlet_arena_mazey,
          nicolae_gauntlet_exit_dead_adventurers]

Skill      XL: |  1  2  3  4  5  6  7  8  9 10 11 12 |
---------------+-------------------------------------+-----
Axes           | 4 5 6 7 8 9 11 13 15 17 18 | 18.3
Fighting       | 4 5 6 7 8 10 12 13 | 13.8
Dodging        | |  3.2
Stealth        | |  1.5

Action                   |  1- 3 |  4- 6 |  7- 9 | 10-12 || total
-------------------------+-------+-------+-------+-------++-------
Melee: Hand axe          |    57 |   143 |       |       ||   200
       Headbutt          |     7 |    28 |    39 |    80 ||   154
       Broad axe         |       |    22 |   210 |   414 ||   646
Throw: Dart              |       |       |       |     2 ||     2
Invok: Sacrifice Artific |       |     1 |       |       ||     1
       Draw Out Power    |       |       |     1 |     2 ||     3
       Sacrifice Purity  |       |       |     1 |       ||     1
       Reject Sacrifices |       |       |       |     1 ||     1
  Use: Scroll            |       |     7 |    10 |     3 ||    20
       Potion            |       |       |     1 |     6 ||     7
 Stab: Sleeping          |       |     7 |     3 |       ||    10
       Distracted        |       |     1 |     4 |       ||     5
       Invisible         |       |       |     3 |     2 ||     5
Armor: Ring mail         |    19 |    51 |    16 |       ||    86
       Plate armour      |       |       |    67 |   185 ||   252
       Skin              |       |       |       |    27 ||    27
Dodge: Dodged            |    35 |    91 |    94 |   165 ||   385
